 Dungeon Crawl Stone Soup version 0.28.0-43-g3370ac3207 (webtiles) character file.

Game seed: 633131820848038678

88 H0rd4k the Magician (level 4, -2/24 HPs)
             Began as a Deep Elf Hedge Wizard on Mar 14, 2022.
             Slain by Sigmund
             ... wielding a +0 vorpal scythe
              (4 damage)
             ... on level 2 of the Dungeon.
             The game lasted 00:02:02 (2354 turns).

H0rd4k the Magician (Deep Elf Hedge Wizard)         Turns: 2354, Time: 00:02:03

Health: -2/24      AC:  2    Str:  7    XL:     4   Next: 30%
Magic:  14/14      EV: 13    Int: 21    God:
Gold:   48         SH:  0    Dex: 14    Spells: 6/15 levels left

rFire   . . .      SeeInvis .   a - +0 dagger
rCold   . . .      Faith    .   (no shield)
rNeg    . . .      Spirit   .   b - +0 robe
rPois   .          Reflect  .   c - +0 hat
rElec   .          Harm     .   (no cloak)
rCorr   .          Rampage  .   (no gloves)
Will    .....                   (no boots)
Stlth   +.........              (no amulet)
HPRegen 0.08/turn               (no ring)
MPRegen 0.14/turn               (no ring)

@: confused
A: no striking features
a: no special abilities


You were on level 2 of the Dungeon.
You visited 1 branch of the dungeon, and saw 2 of its levels.

You collected 48 gold pieces.

Inventory:

Hand Weapons
 a - a +0 dagger (weapon)
Armour
 b - a +0 robe (worn)
 c - a +0 hat (worn)
Jewellery
 f - a ring of flight
Scrolls
 d - a scroll of fear {unknown}
 g - a scroll of blinking {unknown}
 i - a scroll of fog {unknown}
Potions
 e - a potion of curing {unknown}
 h - a potion of heal wounds {unknown}


   Skills:
 + Level 3.1 Dodging
 - Level 2.4 Stealth
 + Level 6.0 Spellcasting
 + Level 2.4 Conjurations
 + Level 1.1 Summonings
 + Level 1.1 Translocations
 * Level 0.2 Fire Magic


You had 6 spell levels left.
You knew the following spells:

 Your Spells              Type           Power      Damage    Failure   Level
a - Magic Dart            Conj           64%        1d6       3%          1
b - Blink                 Tloc           22%        N/A       10%         2
c - Conjure Flame         Conj/Fire      11%        6-21      17%         3
d - Mephitic Cloud        Conj/Pois/Air  9%         N/A       22%         3

Your spell library contained the following spells:

 Spells                   Type           Power      Damage    Failure   Level
 Slow                     Hex            24%        N/A       10%         1
 Call Imp                 Summ           11%        N/A       10%         2


Dungeon Overview and Level Annotations

Branches:
Dungeon (2/15)

Altars:

Shops:
D:1 :

Annotations:
D:1 exclusion: downstairs
D:2 1 runed translucent door, Crazy Yiuf, Sigmund


Message History

Sigmund is engulfed in noxious fumes.
Sigmund appears confused.
The magic dart hits Sigmund.
Sigmund is moderately wounded.
Sigmund is engulfed in noxious fumes.
Sigmund appears confused.
The magic dart hits Sigmund.
Sigmund is moderately wounded.
Your magical contamination has completely faded away.
The magic dart hits Sigmund but does no damage.
Sigmund is moderately wounded.
Sigmund is engulfed in noxious fumes.
Sigmund appears confused.
Sigmund barely misses himself.
The magic dart hits Sigmund.
Sigmund is heavily wounded.
Sigmund grins madly.
There is a stone staircase leading up here.
You climb upwards.
Level annotation: exclusion: downstairs
There is a stone staircase leading down here.
You start resting.
Magic restored.
You climb downwards.
Level annotation: 1 runed translucent door, Crazy Yiuf, Sigmund
There is a stone staircase leading up here.
Sigmund gestures at you while chanting.
You are confused.
You bump into the rock wall.
Sigmund barely misses you.
You feel less confused. Sigmund misses you.
Sigmund hits you from afar with a +0 vorpal scythe!
Sigmund gestures at you while chanting.
You are confused.
You bump into the rock wall.
Sigmund is suddenly surrounded by pale red light.
Sigmund closely misses you.
You bump into the rock wall.
Sigmund hits you from afar with a +0 vorpal scythe!
Ouch! That really hurt!
* * * LOW HITPOINT WARNING * * *
You die...

#........##..#######.
#.........#..........
#...........(......##
'..................'. ..#
#....).............## #.#
########...........# #.#.
#......>.......# #@#.
#.############## #.#^
#.#<....@# #.#.
#.######.#############.#.
#.# #...@........@....#.
#.# #.#.###############.
#.# #.#......#.....####.
#.# #.#####.##.###......
#.# #.# #.##.# #######
#.# #.# #....# #.# #.#
####.#


You could see Sigmund.

Vanquished Creatures
  Terence (D:2)
  3 adders (D:2)
  2 dart slugs
  3 bats (D:1)
  6 endoplasms
  2 giant cockroaches
  5 hobgoblins
  A quokka (D:1)
  2 ball pythons (D:1)
  2 frilled lizards (D:1)
  2 goblins
  3 kobolds
  3 rats
35 creatures vanquished.

Notes
Turn   | Place    | Note
-------+----------+-------------------------------------------
     0 | D:1      | H0rd4k the Deep Elf Hedge Wizard began the quest for the
                  | Orb.
     0 | D:1      | Reached XP level 1. HP: 10/10 MP: 7/7
    68 | D:1      | Found Xibit's Book Shop.
   237 | D:1      | Reached XP level 2. HP: 10/15 MP: 3/9
   453 | D:1      | Found a faded altar of an unknown god.
   462 | D:1      | Reached skill level 5 in Spellcasting
  1120 | D:2      | Found a runed translucent door.
  1121 | D:2      | Noticed Crazy Yiuf
  1205 | D:2      | Reached XP level 3. HP: 16/19 MP: 3/11
  1208 | D:2      | Learned a level 2 spell: Blink
  1212 | D:2      | Learned a level 3 spell: Conjure Flame
  1216 | D:2      | Learned a level 3 spell: Mephitic Cloud
  1704 | D:2      | Noticed Terence
  1732 | D:2      | Killed Terence
  1733 | D:2      | Reached skill level 6 in Spellcasting
  1733 | D:2      | Reached XP level 4. HP: 24/24 MP: 2/14
  2237 | D:2      | Noticed Sigmund
  2354 | D:2      | Slain by Sigmund

Illustrated notes

Levels and vault maps discovered:
D:1:      amcnicky_arrival_flooded_fountain, layout_rooms, serial_shops,
          nicolae_shop_stone, ebering_ecumenical_altar_hall
D:2:      layout_basic, uniq_sigmund, uniq_terence, uniq_crazy_yiuf_cottage

Skill      XL: |  1  2  3 |
---------------+----------+-----
Spellcasting   | 5 6 |  6.0
Dodging        | 3 |  3.1
Conjurations   | 2 |  2.4
Stealth        | |  2.4
Summonings     | |  1.1
Translocations | |  1.1
Fire Magic     | |  0.2

Action                   |  1- 3 |  4- 6 || total
-------------------------+-------+-------++-------
Melee: Dagger            |       |     1 ||     1
 Cast: Magic Dart        |    98 |    14 ||   112
       Conjure Flame     |     1 |     1 ||     2
       Mephitic Cloud    |     1 |     1 ||     2
Armor: Robe              |     2 |     1 ||     3
Dodge: Dodged            |     4 |     3 ||     7
